 Dungeon Crawl Stone Soup version 0.22-a0-284-g99d1f74 (webtiles) character file.

105 Kairos the Charmwright (level 5, -6/39 HPs)
             Began as a Human Skald on Mar 22, 2018.
             Mangled by Crazy Yiuf
             ... wielding a +2 quarterstaff of chaos
              (9 damage)
             ... on level 2 of the Dungeon.
             The game lasted 00:05:15 (2967 turns).

Kairos the Charmwright (Human Skald)                Turns: 2967, Time: 00:05:16

Health: -6/39      AC:  7    Str: 12    XL:     5   Next: 8%
Magic:  6/8        EV: 11    Int: 13    God:
Gold:   38         SH:  0    Dex: 16    Spells: 5/8 levels left

rFire    . . .     SeeInvis .   g - +0 whip (pain)
rCold    . . .     Gourm    .   (no shield)
rNeg     + . .     Faith    .   h - +0 ring mail {rN+}
rPois    .         Spirit   .   (no helmet)
rElec    .         Reflect  .   (no cloak)
rCorr    .         Harm     .   m - +1 pair of gloves {Dex+3}
MR       .....                  (no boots)
Stlth    +.........             (no amulet)
HPRegen  0.13/turn              (no ring)
MPRegen  0.11/turn              (no ring)

@: singing, very slightly contaminated
A: no striking features
a: no special abilities


You were on level 2 of the Dungeon.
You were very hungry.

You visited 1 branch of the dungeon, and saw 2 of its levels.

You collected 38 gold pieces.

Inventory:

Hand Weapons
 a - a +0 mace
 c - a +0 whip
 g - a +0 whip of pain (weapon)
Armour
 b - a +0 leather armour
 h - a +0 ring mail of positive energy (worn)
 m - a +1 pair of gloves of dexterity (worn)
Scrolls
 j - a scroll of enchant armour {unknown}
 k - a scroll of fog {unknown}
 l - a scroll of identify {unknown}
 n - a scroll of fear {unknown}
Potions
 e - 2 potions of heal wounds {unknown}
 f - a potion of cancellation {unknown}
 i - a potion of curing {unknown}
Comestibles
 d - 5 rations


   Skills:
 + Level 2.5 Fighting
 + Level 3.2 Maces & Flails
 + Level 2.0 Armour
 + Level 2.1 Dodging
 + Level 2.3 Spellcasting
 + Level 3.4 Charms


You had 5 spell levels left.
You knew the following spells:

 Your Spells              Type           Power        Failure   Level  Hunger
a - Infusion              Chrm           ##..         13%         1    #......
b - Song of Slaying       Chrm           ##......     21%         2    ###....


Dungeon Overview and Level Annotations

Branches:
Dungeon (2/15)

Altars:

Annotations:
D:2 Crazy Yiuf


Message History

You suddenly lose the ability to move!
Crazy Yiuf cries, "Liver wrapper mumblescurry!"
Crazy Yiuf hits you with a quarterstaff of chaos!
Crazy Yiuf freezes you.
Crazy Yiuf hits you with a quarterstaff of chaos.
Crazy Yiuf freezes you.
Crazy Yiuf hits you with a quarterstaff of chaos!
* * * LOW HITPOINT WARNING * * *
Crazy Yiuf freezes you.
* * * LOW HITPOINT WARNING * * *
You can move again.
Unknown command.
You hit Crazy Yiuf.
Crazy Yiuf is heavily wounded.
Crazy Yiuf completely misses you.
You barely miss Crazy Yiuf.
Crazy Yiuf is heavily wounded.
Crazy Yiuf grits, "Snurf!
Peeping snockshim forty-two."
Crazy Yiuf hits you with a quarterstaff of chaos!
You die...

..## #.#..##.##.###.###...#...##
..# #..#.##............###.....
### ####.#.#............<......(.
..###.....################..####.
..##......# #....[#. ..))......#
##.##... ..#.......# ####
#####.###.. ..#.......# #)..###
##.....##... ..#.......#
#..g@.####))....##... ..........#
#...##..#.......##... ..........#
#### ###.#...)..##[.. ..##......#
#######.###... #####.....#
#.####.. ####### ###..# ##.
#....# ## #....# #....#


You could see Crazy Yiuf.

Vanquished Creatures
  2 adders (D:2)
  3 oozes
  5 worms (D:2)
  2 dart slugs (D:2)
  2 leopard geckos (D:2)
  A ball python (D:2)
  3 giant cockroaches (D:2)
  6 goblins
  3 hobgoblins (D:2)
  6 jackals (D:1)
  A quokka (D:2)
  4 bats (D:1)
  2 frilled lizards (D:2)
  7 kobolds
  5 rats
52 creatures vanquished.

Notes
Turn   | Place    | Note
-------+----------+-------------------------------------------
     0 | D:1      | Kairos the Human Skald began the quest for the Orb.
     0 | D:1      | Reached XP level 1. HP: 16/16 MP: 3/3
   189 | D:1      | Reached XP level 2. HP: 18/22 MP: 5/5
   478 | D:1      | Reached XP level 3. HP: 26/27 MP: 6/6
  1389 | D:2      | Reached XP level 4. HP: 14/34 MP: 2/7
  1829 | D:2      | Learned a level 2 spell: Song of Slaying
  2323 | D:2      | Reached XP level 5. HP: 6/39 MP: 8/8
  2722 | D:2      | Found a runed door.
  2959 | D:2      | Noticed Crazy Yiuf
  2962 | D:2      | Paralysed by Crazy Yiuf for 4 turns
  2967 | D:2      | Mangled by Crazy Yiuf

Vault maps used:
D:1:      minmay_arrival_shattered_statue
D:2:      uniq_crazy_yiuf_cottage

Skill      XL: |  1  2  3  4  5 |
---------------+----------------+-----
Maces & Flails | 3 |  3.2
Armour         | 2 |  2.0
Fighting       | |  2.5
Dodging        | |  2.1
Spellcasting   | |  2.3
Charms         | |  3.4

Action                   |  1- 3 |  4- 6 || total
-------------------------+-------+-------++-------
Melee: Mace              |    10 |       ||    10
       Whip              |   119 |   139 ||   258
 Cast: Infusion          |     3 |     2 ||     5
       Song of Slaying   |       |     3 ||     3
  Eat: Chunk             |       |     6 ||     6
Armor: Leather armour    |     7 |       ||     7
       Ring mail         |    53 |    28 ||    81
Dodge: Dodged            |    84 |    54 ||   138

Table legend:
 A = Spawn XP
 B = Non-spawn XP
 C = Spawn XP percentage of total XP
 D = Spawn monster count
 E = Non-spawn monster count
 F = Spawn count percentage of total count
 G = Total turns spent on level
                    A         B        C        D         E        F      G
               +---------+---------+-------+---------+---------+-------+---------
         Total |       0 |     150 |   0.0 |       0 |      52 |   0.0 |  2967
               +---------+---------+-------+---------+---------+-------+---------
           D:1 |       0 |      46 |   0.0 |       0 |      21 |   0.0 |  1332
           D:2 |       0 |     104 |   0.0 |       0 |      31 |   0.0 |  1635
               +---------+---------+-------+---------+---------+-------+---------
